 Dungeon Crawl Stone Soup version 0.29.1-13-g9f3cf754e1 (webtiles) character file.

Game seed: 10594913657205561394

32 KittyFluff the Trooper (level 3, -4/36 HPs)
             Began as a Gargoyle Berserker on Feb 6, 2023.
             Was a Believer of Trog.
             Slain by a worm (6 damage)
             ... on level 2 of the Dungeon.
             The game lasted 00:05:28 (1278 turns).

KittyFluff the Trooper (Gargoyle Berserker)         Turns: 1278, Time: 00:05:28

Health: -4/36      AC:  5    Str: 20    XL:     3   Next: 27%
Magic:  3/3        EV: 12    Int:  7    God:    Trog [**....]
Gold:   73         SH:  0    Dex: 11    Spells: 2/2 levels left

rFire   . . .      SeeInvis .   a - +0 mace
rCold   . . .      Faith    .   (no shield)
rNeg    + . .      Spirit   .   b - +0 animal skin
rPois   ∞          Reflect  .   (no helmet)
rElec   +          Harm     .   (no cloak)
rCorr   +          Rampage  .   (no gloves)
Will    .....                   (no boots)
Stlth   ..........              (no amulet)
HPRegen 0.12/turn               k - ring of resist corrosion
MPRegen 0.08/turn               (no ring)

@: berserking, very quick
A: sickness immunity, AC +3, negative energy resistance 1, electricity
resistance, torment resistance 1, petrification resistance
a: Renounce Religion, Berserk, Trog's Hand


You were on level 2 of the Dungeon.
You worshipped Trog.
Trog was pleased with you.
You visited 1 branch of the dungeon, and saw 2 of its levels.

You collected 73 gold pieces.

Inventory:

Hand Weapons
 a - a +0 mace (weapon)
Missiles
 e - 5 boomerangs (quivered)
Armour
 b - a +0 animal skin (worn)
 c - a +0 chain mail
 i - a +0 ring mail
 n - a +0 ring mail
Jewellery
 k - a ring of resist corrosion (left hand)
Scrolls
 d - 2 scrolls of identify {unknown}
 j - a scroll of amnesia {unknown}
 l - a scroll of immolation {unknown}
 m - a scroll of poison {unknown}
Potions
 f - 2 potions of brilliance {unknown}
 g - 2 potions of degeneration {unknown}
 h - 2 potions of heal wounds {unknown}


   Skills:
 + Level 3.6 Fighting
 + Level 3.5 Maces & Flails
 * Level 2.6 Armour
 + Level 1.9 Dodging


You had 2 spell levels left.
You didn't know any spells.
Your spell library was empty.

Dungeon Overview and Level Annotations

Branches:
Dungeon (2/15)

Altars:
Nemelex Xobeh


Innate Abilities, Weirdness & Mutations

You are immune to sickness and miasma.
Your stone body is resilient. (AC +3)
You are immune to poison.
You resist negative energy. (rN+)
You are resistant to electric shocks. (rElec)
You are resistant to unholy torment.
You are immune to petrification.


Message History

Trog accepts your kill.
Things that are here:
a jackal corpse; a jackal corpse
Found a short sword.
You see here a +0 ring mail.
n - a +0 ring mail
Found 17 gold pieces.
A worm comes into view.
Found a sparkling altar of Nemelex Xobeh.
The worm completely misses you.
You barely miss the worm. The worm bites you but does no damage.
You hit the worm.
The worm is moderately wounded.
You hit the worm.
The worm is moderately wounded.
The worm barely misses you.
You hit the worm.
The worm is moderately wounded.
The worm barely misses you.
You barely miss the worm.
The worm is moderately wounded.
You hit the worm.
The worm is moderately wounded.
The worm bites you.
You barely miss the worm.
The worm is moderately wounded.
The worm bites you!
* * * LOW HITPOINT WARNING * * *
You hit the worm.
The worm is moderately wounded.
The worm closely misses you.
You hit the worm.
The worm is moderately wounded.
You hit the worm but do no damage.
The worm is moderately wounded.
The worm bites you.
* * * LOW HITPOINT WARNING * * *
A red film seems to cover your vision as you go berserk!
You feel yourself moving faster!
You feel mighty! The worm bites you.
You die...

##.†#
#.........#
#...#
#...........
#...#
#..........##
#>..#
##...........
#...#
##).##.####..
#...#######..##
.# .#
#...........##
$#
#..##...##.###
##.##...##.@w#
#..# ..##...#
#..# ..##...#
#..# .##....
#..# #..... #..#
#..#... #..#
#......_ #..#
#..#.....
#..#######..#...


You could see a worm.

Vanquished Creatures
  A dart slug (D:1)
  5 endoplasms (D:1)
  4 hobgoblins (D:1)
  3 jackals (D:2)
  5 ball pythons
  7 bats
  2 frilled lizards
  A kobold (D:1)
  2 rats
  A spectral kobold (D:1)
31 creatures vanquished.

Vanquished Creatures (others)
  A plant (D:2)
1 creature vanquished.

Grand Total: 32 creatures vanquished

Notes
Turn   | Place    | Note
-------+----------+-------------------------------------------
     0 | D:1      | KittyFluff the Gargoyle Berserker began the quest for the
                  | Orb.
     0 | D:1      | Reached XP level 1. HP: 14/14 MP: 1/1
   266 | D:1      | Reached XP level 2. HP: 14/19 MP: 2/2
   790 | D:1      | Reached XP level 3. HP: 21/23 MP: 3/3
   990 | D:1      | Found a faded altar of an unknown god.
  1109 | D:2      | Reached ** piety under Trog
  1266 | D:2      | Found a sparkling altar of Nemelex Xobeh.
  1277 | D:2      | HP: 1/24 [worm (4)]
  1278 | D:2      | Slain by a worm

Illustrated notes

Levels and vault maps discovered:
D:1:      heliophobic_arrival_dark_side_of_the_moon, layout_basic,
          dreamdust_ecumenical_altar_drowned_temple, minmay_tiny_reverse_x
D:2:      layout_rooms, basic_altar, chequers_jeans, guppyfry_early_lair_pool

Action                   || total
-------------------------++-------
Melee: Mace              ||    99
       Punch             ||     1
Invok: Berserk           ||     1
 Stab: Sleeping          ||     1
Armor: Animal skin       ||    45
Dodge: Dodged            ||    66
